 Dungeon Sprint DCSS version 0.21.1-1-g345015f (webtiles) character file.

9960 Fang the Severer (level 11, -3/117 HPs)
             Began as a Minotaur Berserker on May 1, 2018.
             Was the Champion of Trog.
             Slain by a vault guard
             ... wielding a +0 glaive
              (7 damage)
             ... in the Dungeon (Sprint V: "Ziggurat Sprint") on May 2, 2018.
             The game lasted 00:05:33 (1056 turns).

Fang the Severer (Minotaur Berserker)               Turns: 1056, Time: 00:05:33

Health: -3/117     AC: 25    Str: 32    XL:     11   Next: 29%
Magic:  10/10      EV: 13    Int:  4    God:    Trog [******]
Gold:   0          SH:  3    Dex: 11    Spells: 10/10 levels left

rFire    . . .     SeeInvis .   I - +8 broad axe (distort)
rCold    + . .     Gourm    .   (no shield)
rNeg     . . .     Faith    .   E - +7 storm dragon scales of Plog {rElec Regen+}
rPois    .         Spirit   .   (helmet restricted)
rElec    +         Reflect  +   (no cloak)
rCorr    .         Harm     .   (no gloves)
MR       .....     NoTele   +   j - +1 pair of boots of Imeifif {rC+ Dex+2}
Stlth    ..........             C - +3 amulet of reflection
HPRegen  0.69/turn              F - +6 ring of strength
MPRegen  0.12/turn              G - ring of flight

@: berserk cooldown, very slightly contaminated, slowed, studying Axes, very
slow
A: retaliatory headbutt, horns 2, screaming 1
a: Berserk, Trog's Hand, Brothers in Arms, Burn Spellbooks, Renounce Religion,
Evoke Flight


You were in the Dungeon.
You worshipped Trog.
Trog was exalted by your worship.
You were not hungry.

You visited 1 branch

Inventory:

Hand Weapons
 l - a +5 demon trident
 I - a +8 broad axe of distortion (weapon)
Armour
 j - the +1 pair of boots of Imeifif (worn) {rC+ Dex+2}
   (You found it in the Dungeon)

   It affects your dexterity (+2).
   It protects you from cold.
 E - the +7 storm dragon scales of Plog (worn) {rElec Regen+}
   (You took it off an orc in the Dungeon)

   It insulates you from electricity.
   It increases your rate of regeneration.
Jewellery
 C - a +3 amulet of reflection (around neck)
 F - a +6 ring of strength (left hand)
 G - a ring of flight (right hand)
Wands
 x - a wand of disintegration (7)
 y - a wand of iceblast (7)
 z - a wand of acid (7)
Scrolls
 i - 4 scrolls of blinking
 m - 7 scrolls of fog
 n - a scroll of holy word
 o - 5 scrolls of identify
 p - 5 scrolls of remove curse
 q - 2 scrolls of fear
 A - a scroll of brand weapon
Potions
 d - 10 potions of curing
 e - 10 potions of heal wounds
 f - 6 potions of haste
 g - 7 potions of magic
 h - 3 potions of berserk rage
 r - 2 potions of brilliance
 s - 2 potions of invisibility
 t - 4 potions of resistance
 u - a potion of experience
 v - 5 potions of agility
 w - 5 potions of might
Books
 a - a manual of Axes
Miscellaneous
 b - a box of beasts
 k - a sack of spiders
Comestibles
 c - 5 rations


   Skills:
 + Level 17.5 Fighting
 + Level 17.6(20.0) Axes
 + Level 16.8(19.6) Polearms
 + Level 13.1 Armour
 + Level 8.2 Dodging
 + Level 2.4 Stealth


You had 10 spell levels left.
You didn't know any spells.

Dungeon Overview and Level Annotations

Branches:
Dungeon (1/1)

Altars:
Ashenzari
Cheibriados
Dithmenos
Elyvilon
Fedhas
Gozag
Hepliaklqana
Kikubaaqudgha
Makhleb
Nemelex Xobeh
Okawaru
Qazlal
Ru
Sif Muna
Trog
Uskayaw
Vehumet
Wu Jian
Xom
Yredelemnul
Zin
The Shining One
Beogh
Jiyva
Lugonu

Annotations:
D 1 transporter


Innate Abilities, Weirdness & Mutations

You reflexively headbutt those who attack you in melee.
You have a pair of horns on your head.
You occasionally shout uncontrollably at your foes.


Message History

The stone giant hits you but does no damage.
The vault guard hits you but does no damage.
You feel a strange sense of stasis.
Your storm dragon scales of Plog prevents you from hitting the stone giant.
You headbutt the stone giant.
The stone giant is almost dead.
You hit the vault guard but do no damage.
Space bends around the vault guard.
The vault guard hits you but does no damage. x2
The stone giant closely misses you.
The vault guard hits you from afar with the +6 trident "Egopaira" {distort, +Fly rElec}!
* * * LOW HITPOINT WARNING * * *
Space bends around you.
* * * LOW HITPOINT WARNING * * *
Your storm dragon scales of Plog prevents you from hitting the stone giant.
You headbutt the stone giant, but do no damage.
The stone giant is almost dead.
You hit the vault guard.
Space bends around the vault guard.
The vault guard hits you from afar with a glaive!
You die...

▓▓▓▓▓▓▓▓▓▓▓▓▓▓▓▓▓▓▓
▓...8©8...▓...8©8...▓
▓..})}%)..▓..=.[)...▓
▓..))|)}..▓....)....▓
▓.........▓.........▓
▓.........▓...))....▓
▓...pp....▓...)))...▓
▓..p))....▓....)....▓
▓...@C....▓.▓.....▓.▓
▓.▓.....▓.▓....©....▓
▓(...©.(..▓▓▓▓▓▓▓▓▓▓▓
▓▓▓▓▓▓▓▓▓▓▓


You could see a stone giant and 3 vault guards.

Vanquished Creatures
  A stone giant (D)
  A very ugly thing (D)
  2 vault guards (D)
  2 dancing weapons (D)
  2 ugly things (D)
  2 deep elf magi (D)
  A guardian serpent (shapeshifter) (D)
  An apocalypse crab (D)
  A yaktaur (shapeshifter) (D)
  A queen bee (shapeshifter) (D)
  A spriggan (D)
  A ynoxinul (D)
  4 neqoxecs (D)
  A water moccasin (shapeshifter) (D)
  A hell hound (D)
  4 orc warriors (D)
  A black bear (D)
  A wolf (D)
  A tengu (shapeshifter) (D)
  An ogre (shapeshifter) (D)
  3 centaurs (shapeshifter) (D)
  A quasit (D)
  2 orc priests (D)
  5 orc wizards (D)
  2 iron imps (D)
  2 shadow imps (D)
  3 white imps (D)
  An ufetubus (D)
  An adder skeleton (D)
  3 orcs (D)
  A bat skeleton (D)
  A bat zombie (D)
  A ball python zombie (D)
56 creatures vanquished.

Vanquished Creatures (others)
  A vault guard (D)
  An orc wizard (D)
2 creatures vanquished.

Grand Total: 58 creatures vanquished

Notes
Turn   | Place    | Note
-------+----------+-------------------------------------------
     0 | D        | Found the +6 Majin-Bo {vamp, Archmagi MP+6 Int+6}
     0 | D        | Found the +7 great mace "Firestarter" {inner flame, rF++}
     0 | D        | Fang the Minotaur Berserker began the quest for the Orb.
     0 | D        | Reached XP level 1. HP: 19/19 MP: 0/0
     3 | D        | Found a blossoming altar of Fedhas.
     4 | D        | Found a viscous altar of Jiyva.
     4 | D        | Found a hazy altar of Hepliaklqana.
     4 | D        | Found a transporter.
     4 | D        | Found an opulent altar of Gozag.
     4 | D        | Found an ancient bone altar of Kikubaaqudgha.
     4 | D        | Found a corrupted altar of Lugonu.
    12 | D        | Found a burning altar of Makhleb.
    13 | D        | Found a stormy altar of Qazlal.
    13 | D        | Found a sacrificial altar of Ru.
    13 | D        | Found an iron altar of Okawaru.
    13 | D        | Found a deep blue altar of Sif Muna.
    13 | D        | Found a sparkling altar of Nemelex Xobeh.
    13 | D        | Found a bloodstained altar of Trog.
    77 | D        | Entered arena 2.
    77 | D        | Noticed an ice beast
    77 | D        | Noticed a centaur
    77 | D        | Found a transporter.
    78 | D        | Noticed a centaur
    78 | D        | an ice beast changed into a centaur
    81 | D        | Killed a centaur
    81 | D        | Reached XP level 2. HP: 34/34 MP: 1/1
    81 | D        | Reached XP level 3. HP: 39/39 MP: 2/2
    81 | D        | Reached XP level 4. HP: 47/47 MP: 3/3
    82 | D        | Killed a centaur
    82 | D        | Reached XP level 5. HP: 56/56 MP: 4/4
   131 | D        | Entered arena 3.
   131 | D        | Noticed a spriggan
   131 | D        | Noticed a black bear
   131 | D        | Noticed a wolf
   131 | D        | Found a transporter.
   134 | D        | Killed a wolf
   134 | D        | Reached ** piety under Trog
   134 | D        | Reached skill level 5 in Armour
   135 | D        | Killed a spriggan
   135 | D        | Reached skill level 10 in Axes
   135 | D        | Reached skill level 1 in Polearms
   135 | D        | Reached skill level 5 in Dodging
   135 | D        | Reached XP level 6. HP: 68/68 MP: 5/5
   176 | D        | Entered arena 4.
   176 | D        | Noticed a naga
   176 | D        | Noticed a brown ugly thing
   176 | D        | Found a transporter.
   181 | D        | Noticed a water moccasin
   181 | D        | a naga changed into a water moccasin
   182 | D        | Reached XP level 7. HP: 75/75 MP: 6/6
   186 | D        | Killed a brown ugly thing
   186 | D        | Reached *** piety under Trog
   186 | D        | Reached skill level 5 in Polearms
   186 | D        | Reached XP level 8. HP: 85/85 MP: 7/7
   190 | D        | Received a gift from Trog
   230 | D        | Entered arena 5.
   230 | D        | Noticed an apocalypse crab
   230 | D        | Found a transporter.
   244 | D        | Killed an apocalypse crab
   246 | D        | Reached **** piety under Trog
   253 | D        | Got the ring of Zusav {rF- rC+ rN+ Int+3}
   254 | D        | Reached ***** piety under Trog
   347 | D        | Entered arena 6.
   347 | D        | Noticed a short sword of draining
   347 | D        | Noticed a yaktaur
   347 | D        | Noticed a deep elf mage
   347 | D        | Noticed a deep elf mage
   347 | D        | Noticed a battleaxe of electrocution
   347 | D        | Found a transporter.
   355 | D        | Killed a yaktaur
   358 | D        | Killed a short sword of draining
   358 | D        | Reached skill level 15 in Axes
   358 | D        | Reached XP level 9. HP: 96/96 MP: 8/8
   363 | D        | Killed a battleaxe of electrocution
   363 | D        | Reached skill level 10 in Armour
   364 | D        | Killed a deep elf mage
   364 | D        | Received a gift from Trog
   364 | D        | Reached skill level 15 in Fighting
   368 | D        | Killed a deep elf mage
   502 | D        | Entered arena 7.
   503 | D        | Found the +7 sceptre of Torment
   508 | D        | Received a gift from Trog
   513 | D        | Found a transporter.
   540 | D        | Entered arena 8.
   541 | D        | Found a transporter.
   546 | D        | Reached ****** piety under Trog
   546 | D        | Received a gift from Trog
   553 | D        | Reached XP level 10. HP: 104/106 MP: 9/9
   564 | D        | Got the +7 storm dragon scales of Plog {rElec Regen+}
   589 | D        | Entered arena 9.
   589 | D        | Noticed a purple very ugly thing
   590 | D        | Found a transporter.
   600 | D        | Killed a purple very ugly thing
   600 | D        | Received a gift from Trog
   600 | D        | Reached skill level 1 in Stealth
   628 | D        | Got the +1 pair of boots of Imeifif {rC+ Dex+2}
   629 | D        | Received a gift from Trog
   701 | D        | Entered arena 10.
   701 | D        | Noticed a green ugly thing
   701 | D        | Gained mutation: You occasionally shout uncontrollably at your foes. [a neqoxec]
   702 | D        | Noticed a guardian serpent
   702 | D        | a hippogriff changed into a guardian serpent
   705 | D        | Found a transporter.
   711 | D        | Killed a green ugly thing
   713 | D        | Received a gift from Trog
   714 | D        | Killed a guardian serpent
   714 | D        | Reached skill level 15 in Polearms
   788 | D        | Entered arena 11.
   789 | D        | Found a transporter.
   792 | D        | Received a gift from Trog
   813 | D        | Received a gift from Trog
   813 | D        | Received a gift from Trog
  1035 | D        | Entered arena 12.
  1035 | D        | Noticed a vault guard
  1035 | D        | Noticed a vault guard
  1035 | D        | Noticed a vault guard
  1035 | D        | Noticed a stone giant
  1035 | D        | Noticed a shadow dragon
  1035 | D        | Noticed a stone giant
  1036 | D        | Noticed a vault guard
  1036 | D        | Noticed a vault guard
  1037 | D        | Noticed a vault guard
  1037 | D        | Noticed a vault guard
  1038 | D        | Found a transporter.
  1042 | D        | Banished a vault guard
  1044 | D        | Killed a vault guard
  1044 | D        | Reached XP level 11. HP: 117/117 MP: 10/10
  1045 | D        | Killed a vault guard
  1051 | D        | Killed a stone giant
  1055 | D        | HP: 4/117 [vault guard/the +6 trident "Egopaira" {distort, +Fly rElec} (4)]
  1056 | D        | Slain by a vault guard

Skill      XL: |  1  2  3  4  5  6  7  8  9 10 11 |
---------------+----------------------------------+-----
Fighting       | 7 8 11 12 14 15 17 | 17.5
Axes           | 7 8 10 11 13 15 16 17 | 17.6
Armour         | 4 6 7 9 10 12 13 | 13.1
Dodging        | 3 4 5 6 7 8 |  8.2
Polearms       | 1 2 5 9 12 16 | 16.8
Stealth        | 2 |  2.4

Action                   |  1- 3 |  4- 6 |  7- 9 | 10-12 || total
-------------------------+-------+-------+-------+-------++-------
Melee: Demon trident     |     3 |    11 |    61 |    40 ||   115
       Headbutt          |       |     1 |    11 |    17 ||    29
       Broad axe         |       |       |       |    25 ||    25
Invok: Berserk           |     1 |     2 |     1 |     3 ||     7
       Burn Spellbooks   |       |       |     2 |     4 ||     6
  Use: Scroll            |       |       |       |     8 ||     8
  Eat: Ration            |       |       |     1 |     1 ||     2
       Chunk             |       |       |       |     1 ||     1
Armor: Shadow dragon sca |     1 |     2 |    46 |     1 ||    50
       Storm dragon scal |       |       |       |    48 ||    48
Dodge: Dodged            |     1 |     2 |    45 |    28 ||    76
Block: Other             |       |       |     5 |     9 ||    14
